 Dungeon Crawl Stone Soup version 0.31-a0-986-g5e6e4ef867 (webtiles) character file.

Game seed: 13752153399810787839

61 Nietzsche the Ducker (level 3, -3/40 HPs)
             Began as a Demonspawn Gladiator on Nov 14, 2023.
             Frozen to death by an endoplasm (5 damage)
             ... on level 2 of the Dungeon.
             The game lasted 00:03:45 (1284 turns).

Nietzsche the Ducker (Demonspawn Gladiator)         Turns: 1284, Time: 00:03:46

Health: -3/40      AC: 21    Str: 14    XL:     3   Next: 83%
Magic:  3/3        EV:  2    Int: 11    God:
Gold:   92         SH:  0    Dex: 14    Spells: 2/2 levels left

rFire   . . .        a - +0 trident
rCold   . . .        (no shield)
rNeg    . . .        b - melded +0 leather armour
rPois   +            (helmet currently unavailable)
rElec   .            (cloak currently unavailable)
rCorr   .            (gloves currently unavailable)
SInv    .            (boots currently unavailable)
Will    .....        (no amulet)
Stlth   +            (no ring)
HPRegen 0.26/turn    (no ring)
MPRegen 0.08/turn

%: no passive effects
@: tree-form
A: stationary, stasis, torment immunity, boosted hp, (horns 1)
a: no special abilities


You were on level 2 of the Dungeon.
You were a tree.
You visited 1 branch of the dungeon, and saw 2 of its levels.

You collected 92 gold pieces.

Inventory:

Hand Weapons
 a - a +0 trident (weapon)
Missiles
 d - 3 throwing nets (quivered)
 e - a javelin
Armour
 b - a +0 leather armour (melded)
 c - a +0 helmet
Scrolls
 f - a scroll of noise {unknown}
 h - a scroll of silence {unknown}
 i - a scroll of teleportation {unknown}
 k - a scroll of amnesia {unknown}
 l - a scroll of brand weapon {unknown}
Potions
 g - 2 potions of lignification


   Skills:
 + Level 2.2 Fighting
 + Level 3.4 Polearms
 + Level 2.0 Throwing
 + Level 0.3 Armour
 + Level 3.4 Dodging


You had 2 spell levels left.
You didn't know any spells.
Your spell library was empty.

Dungeon Overview and Level Annotations

Branches:
Dungeon (2/15)

Altars:


Innate Abilities, Weirdness & Mutations

You are a tree.
Your roots penetrate the ground, keeping you stationary.
You cannot be teleported.
You are immune to unholy pain and torment.
Your maximum health is greatly increased.
Your equipment is partially melded.
((You have a pair of small horns on your head.))


Message History

You closely miss the goblin. The goblin hits you but does no damage.
Robin hits you but does no damage.
You hit Robin but do no damage.
Robin is lightly wounded.
The goblin hits you but does no damage. Robin hits you but does no damage.
You puncture Robin!
Robin is severely wounded.
The goblin barely misses you. Robin hits you but does no damage.
You closely miss Robin.
Robin is severely wounded.
The goblin barely misses you. Robin hits you but does no damage.
You hit Robin.
Robin is almost dead.
Your enlightenment fades.
The goblin hits you with a +0 dagger.
* * * LOW HITPOINT WARNING * * *
Robin hits you but does no damage.
You barely miss Robin.
Robin is almost dead.
The goblin hits you but does no damage. Robin completely misses you.
The goblin hits you but does no damage.
Robin roars a battlecry!
The hobgoblin goes into a battle-frenzy!
You barely miss Robin.
Robin is almost dead.
The goblin hits you with a +0 dagger.
* * * LOW HITPOINT WARNING * * *
Robin hits you but does no damage.
You hit Robin.
You kill Robin!
The goblin hits you but does no damage.
You hit the goblin.
The goblin is severely wounded.
The goblin hits you but does no damage.
The endoplasm hits you but does no damage.
You puncture the goblin!
You kill the goblin!
The endoplasm freezes you.
You are frozen.
You die...

....### #.#
#.....# ......#
#.###.###.#
....#.#
#.##...##.#
###.#.#
#.........#
#.#.######...##.#
#.#........#....#
#.########†..####
#.# ##.###### #.#
#..)♣Jg# ######.#
.# J# .# .# .# ##


You could see an endoplasm and a hobgoblin (strong).

Vanquished Creatures
  Robin (D:2)
  An adder (D:2)
  A worm (D:2)
  4 ball pythons
  3 endoplasms
  A giant cockroach (D:1)
  6 goblins
  4 hobgoblins
  3 quokkas (D:1)
  8 bats
  A frilled lizard (D:1)
  3 kobolds (D:1)
  4 rats
40 creatures vanquished.

Notes
Turn   | Place    | Note
-------+----------+-------------------------------------------
     0 | D:1      | Nietzsche the Demonspawn Gladiator began the quest for the
                  | Orb.
     0 | D:1      | Reached XP level 1. HP: 16/16 MP: 1/1
   186 | D:1      | Gained mutation: You have a pair of small horns on your
                  | head. [demonic ancestry]
   186 | D:1      | Reached XP level 2. HP: 17/22 MP: 2/2
  1001 | D:2      | Reached XP level 3. HP: 23/27 MP: 3/3
  1259 | D:2      | Identified the +5 helmet "Ownaumn" {Str+2}
  1259 | D:2      | Noticed Robin
  1281 | D:2      | HP: 2/40 [goblin/+0 dagger[Robin] (2)]
  1282 | D:2      | Killed Robin
  1284 | D:2      | Frozen to death by an endoplasm

Illustrated notes

Levels and vault maps discovered:
D:1:      kilobyte_arrival_exit_the_forest, layout_loops_ring
D:2:      layout_loops_ring, hellmonk_ecumenical_altar_pennies_from_heaven,
          st_stairs_4, kennysheep_generic_room_15, uniq_natasha,
          uniq_crazy_yiuf_cottage, uniq_robin

Skill      XL: |  1  2  3 |
---------------+----------+-----
Dodging        | 3 |  3.4
Throwing       | 2 |  2.0
Polearms       | 3 |  3.4
Fighting       | |  2.2
Armour         | |  0.3

Action                     || total
---------------------------++-------
  Melee: Trident           ||   116
         Headbutt          ||    11
         Punch             ||     1
  Throw: Throwing net      ||     1
    Use: Potion            ||     2
 Armour: Leather armour    ||    59
         Skin              ||    18
  Dodge: Dodged            ||    59

Table legend: (Time is in decaauts)
 A = Elapsed time spent in this place.
 B = Non-inter-level travel time spent in this place.
 C = Inter-level travel time spent in this place.
 D = Time resting spent in this place.
 E = Time spent auto-exploring this place.
 F = Levels seen in this place.
 G = Mean time per level.
                   A        B        C        D        E       F      G
               +--------+--------+--------+--------+--------+-----+--------+
         Total |   1304 |   1304 |      0 |      0 |    997 |   2 |  652.0 |
       Dungeon |   1304 |   1304 |      0 |      0 |    997 |   2 |  652.0 |
               +--------+--------+--------+--------+--------+-----+--------+

Top non-repeatable levels by time:
     D:1: 1000 daAuts
     D:2: 304 daAuts
